AoeStats
← True

Fortress

508241710Analyzed
4v4 RM · 12d ago on Sep 21, 2026· 61m 56s· 8 players
Game mode
Random Map
Map size
Huge
Population
200
Speed
Normal
Resources
Standard
Victory
Conquest
Starting age
Dark Age
Ending age
Imperial Age
RankedLock teamsTeams togetherTeam positionsShared explorationLock speedFull tech treeHidden civsTurbo modeCheats
Victory
Defeat
🇳🇱 Malians · Netherlands
1261
+13
🇲🇽 Berbers · Mexico
1250
+14
🇸🇪 Turks · Sweden
1237
+14
🇲🇩 Cumans · Moldova
1159
+18
🇲🇾 Celts · Malaysia
1258
-17
🇨🇳 Japanese · China
1204
-15
🇨🇳 Chinese · China
1181
-14
🇨🇳 Spanish · China
1166
-13
Nova_Wolf
0:51 Loom
7:00 Feudal Age
9:07 Loom
12:13 Castle Age
10:25 Double-Bit Axe
12:10 Horse Collar
12:22 Gold Mining
16:39 Herbal Medicine
18:43 Wheelbarrow
18:16 Fletching
19:31 Bloodlines
19:34 Forging
28:55 Imperial Age
26:40 Padded Archer Armor
26:38 Bodkin Arrow
28:27 Padded Archer Armor
29:15 Ballistics
30:12 Hand Cart
30:40 Iron Casting
31:08 Conscription
32:50 Chemistry
34:08 Kasbah
34:10 Maghrebi Camels
34:43 Elite Camel Archer
36:11 Husbandry
35:33 Heavy Camel Rider
40:49 Scale Barding Armor
41:45 Blast Furnace
41:10 Scale Mail Armor
41:13 Bracer
41:33 Leather Archer Armor
42:14 Light Cavalry
45:41 Hussar
46:56 Chain Barding Armor
56:34 Caravan
58:35 Plate Barding Armor
True
8:02 Feudal Age
12:13 Castle Age
10:02 Double-Bit Axe
10:00 Horse Collar
10:26 Loom
13:08 Bow Saw
17:18 Town Watch
24:45 Imperial Age
23:52 Wheelbarrow
23:55 Padded Archer Armor
24:16 Gold Mining
24:17 Stone Mining
25:26 Elite Janissary
27:59 Leather Archer Armor
29:01 Conscription
30:50 Gold Shaft Mining
32:00 Ring Archer Armor
33:19 Hand Cart
35:40 Artillery
38:52 Bloodlines
38:42 Husbandry
38:55 Scale Barding Armor
39:02 Forging
39:22 Bombard Tower
40:32 Chain Barding Armor
40:24 Fletching
42:48 Plate Barding Armor
42:49 Iron Casting
43:34 Bodkin Arrow
44:38 Hoardings
52:06 Ballistics
52:23 Murder Holes
53:03 Heavy Camel Rider
55:32 Heavy Plow
61:25 Blast Furnace
Anchorwall
7:09 Feudal Age
7:46 Man-at-Arms
8:44 Arson
8:48 Double-Bit Axe
11:00 Loom
12:39 Horse Collar
22:24 Castle Age
21:38 Scale Mail Armor
21:48 Forging
22:49 Wheelbarrow
22:30 Capped Ram
23:13 Squires
22:45 Long Swordsman
24:49 Iron Casting
24:29 Chain Mail Armor
24:44 Bow Saw
25:32 Fletching
26:17 Iron Casting
30:12 Imperial Age
28:55 Hand Cart
28:48 Heavy Plow
28:39 Gold Mining
28:39 Stone Mining
29:19 Bloodlines
30:10 Scale Barding Armor
30:44 Gold Shaft Mining
32:14 Conscription
33:23 Chain Barding Armor
33:04 Cavalier
37:28 Plate Barding Armor
43:11 Light Cavalry
47:02 Blast Furnace
51:21 Two-Man Saw
50:52 Crop Rotation
50:35 Caravan
50:29 Siege Ram
56:16 Hussar
60:11 Paladin
Brandon
1:21 Loom
7:48 Feudal Age
6:03 Loom
11:39 Castle Age
10:52 Double-Bit Axe
10:49 Horse Collar
12:43 Bow Saw
17:54 Heavy Plow
20:46 Gold Mining
22:02 Wheelbarrow
23:10 Elite Skirmisher
23:41 Fletching
23:51 Padded Archer Armor
24:51 Loom
29:47 Fortified Wall
30:26 Hand Cart
34:21 Imperial Age
31:37 Town Watch
32:44 Gold Shaft Mining
32:06 Stone Mining
33:31 Stone Shaft Mining
32:59 Scale Mail Armor
33:11 Forging
33:19 Pikeman
34:34 Squires
34:19 Arson
34:51 Chain Mail Armor
35:12 Iron Casting
34:22 Elite Gbeto
35:24 Conscription
35:50 Man-at-Arms
37:30 Capped Ram
39:03 Plate Mail Armor
38:28 Bodkin Arrow
38:59 Onager
47:56 Padded Archer Armor
48:02 Scale Barding Armor
48:20 Ballistics
47:42 Treadmill Crane
48:12 Masonry
49:16 Caravan
50:41 Chemistry
長安
7:42 Feudal Age
8:41 Horse Collar
11:34 Castle Age
9:42 Double-Bit Axe
11:07 Gold Mining
12:44 Town Watch
13:12 Bow Saw
14:04 Heavy Plow
15:51 Wheelbarrow
15:20 Loom
21:05 Hand Cart
22:00 Stone Mining
26:32 Imperial Age
24:57 Ballistics
26:18 Gold Shaft Mining
26:54 Scale Mail Armor
27:01 Heavy Scorpion
29:10 Chemistry
28:48 Capped Ram
29:41 Furor Celtica
30:13 Caravan
30:47 Siege Engineers
30:52 Masonry
31:05 Forging
31:12 Chain Mail Armor
30:51 Siege Ram
33:02 Conscription
33:16 Plate Mail Armor
33:22 Iron Casting
32:35 Arson
32:10 Pikeman
32:36 Gambesons
33:30 Stone Shaft Mining
34:08 Hoardings
33:59 Elite Woad Raider
36:10 Blast Furnace
35:02 Fletching
41:05 Bodkin Arrow
43:15 Padded Archer Armor
43:21 Scale Barding Armor
43:29 Town Patrol
44:07 Coinage
43:48 Guilds
45:57 Banking
45:37 Light Cavalry
46:21 Husbandry
46:42 Chain Barding Armor
46:20 Hussar
55:58 Halberdier
57:36 Leather Archer Armor
帅死八个人
7:56 Feudal Age
11:46 Castle Age
10:03 Double-Bit Axe
10:19 Horse Collar
27:10 Imperial Age
25:08 Gold Mining
27:13 Wheelbarrow
26:26 Loom
26:51 Scale Barding Armor
26:57 Forging
28:18 Chain Barding Armor
27:40 Cavalier
28:21 Husbandry
28:32 Bloodlines
29:28 Heavy Plow
30:08 Hand Cart
31:34 Plate Barding Armor
31:35 Iron Casting
32:36 Conscription
34:11 Paladin
35:19 Stone Mining
39:09 Blast Furnace
44:57 Squires
44:18 Pikeman
45:19 Scale Mail Armor
45:00 Halberdier
60:25 Caravan
60:29 Light Cavalry
卢本伟
8:35 Feudal Age
12:29 Castle Age
10:32 Horse Collar
10:40 Double-Bit Axe
13:42 Heavy Plow
15:00 Scale Mail Armor
15:10 Forging
25:30 Imperial Age
25:13 Wheelbarrow
24:56 Bow Saw
25:15 Padded Archer Armor
27:35 Fletching
27:39 Gold Mining
27:41 Stone Mining
29:11 Two-Man Saw
28:17 Elite Skirmisher
29:25 Leather Archer Armor
30:19 Hand Cart
30:37 Conscription
31:37 Ring Archer Armor
31:56 Crossbowman
32:37 Bodkin Arrow
34:08 Bracer
35:02 Ballistics
35:42 Chemistry
35:48 Thumb Ring
36:00 Loom
38:25 Elite Samurai
51:50 Pikeman
52:31 Squires
52:16 Arson
54:23 Halberdier
55:24 Chain Mail Armor
57:15 Plate Mail Armor
57:22 Iron Casting
mx
3:24 Loom
7:20 Feudal Age
8:14 Double-Bit Axe
8:23 Horse Collar
13:29 Castle Age
12:37 Gold Mining
14:33 Bow Saw
14:36 Heavy Plow
15:41 Wheelbarrow
15:43 Gold Shaft Mining
15:09 Fletching
17:55 Loom
18:39 Stone Mining
19:57 Hand Cart
25:01 Imperial Age
25:18 Bodkin Arrow
27:55 Bracer
29:13 Fortified Wall
31:17 Conscription
32:15 Chemistry
33:22 Stone Shaft Mining
33:43 Masonry
33:57 Padded Archer Armor
34:22 Ballistics
36:17 Leather Archer Armor
36:41 Elite Chu Ko Nu
38:39 Great Wall
39:35 Ring Archer Armor
44:53 Capped Ram
45:45 Caravan
47:01 Thumb Ring
48:01 Scale Barding Armor
48:08 Siege Ram
49:11 Elite Fire Lancer
49:17 Light Cavalry
50:07 Bloodlines
49:57 Husbandry
50:42 Scale Mail Armor
50:53 Forging
51:14 Squires
51:00 Arson
54:40 Pikeman
55:54 Halberdier
Connection lost

Rejoining the realm…

Still unreachable

The connection could not be restored.

Session expired

The server has moved on; the page needs a fresh start.